[Event "*** Titled Tuesday Blitz"]
[Site "Chess.com"]
[Date "2020.01.07"]
[Round "4"]
[White "patrisiii123"]
[Black "Perecke"]
[Result "1-0"]
[WhiteElo "2468"]
[BlackElo "2163"]
[TimeControl "180+2"]
[EndTime "13:55:23 PST"]
[Termination "patrisiii123 won by resignation"]

1. e4 e5 2. Nf3 Nc6 3. Bc4 Be7 4.
c3 Nf6 5. d3 d5 6. exd5 Nxd5 7.
O-O O-O 8. Re1 Bf6 9. Nbd2 g6 10.
Ne4 Bg7 11. Bg5 f6 12. Qb3 Be6 13. Nc5 Bf7 14. Qxb7 Na5 15. Qa6 Nxc4 16. dxc4 Nb6 17. Be3 Bxc4 18. Qa5 Qe7 19. Rad1 Rfd8 20. Rxd8+ Qxd8 21. b3 Bf7 22. h4 h6 23. c4 f5 24. h5 f4 25. hxg6 Bxg6 26. Bc1 Qd6 27. Bb2 Re8 28. Ne4 Qc6 29. Qb5 Qxb5 30. cxb5 Nd5 31. Nc5 e4 32. Bxg7 Kxg7 33. Nh4 Bh7 34. Rd1 Nf6 35. a4 e3 36. fxe3 fxe3 37. Re1 Nd5 38. Nf3 Nf4 39. Nd4 e2 40. Kf2 Nd3+ 41. Nxd3 Bxd3 42. Nxe2 Bc2 43. Nd4 Rf8+ 44. Ke3 Bh7 45.
Kd2 Rd8 46. Kc3 Kf7 47. Rf1+ Ke7 48. Nc6+ 1-0

[Event "*** Titled Tuesday Blitz"]
[Site "Chess.com"]
[Date "2020.01.07"]
[Round "4"]
[White "Lifeek"]
[Black "Chimpinha"]
[Result "1/2-1/2"]
[WhiteElo "2232"]
[BlackElo "2384"]
[TimeControl "180+2"]
[EndTime "13:55:24 PST"]
[Termination "Game drawn by repetition"]

1. e4 e6 2. d4 d5 3. e5 c5 4. c3 Nc6 5. Nf3 Bd7 6. Be2 Nge7 7. Na3 cxd4 8. cxd4 Nf5 9. Nc2 Qb6 10. O-O Na5 11.
b4 Nc4 12. Bxc4 dxc4 13. d5 exd5 14. Qxd5 Be6 15. Qe4 Be7 16. Ne3 Nxe3 17. Bxe3 Qc6 18. Qxc6+ bxc6 19. a3 O-O 20. Rfd1 a5 21. Bc5 Bxc5 22.
bxc5 Rab8 23. Nd4 Bd5 24. Nf5 Rfe8 25. f4 Rb2 26. Ne3 Be6 27. Rac1 Rb3 28. Nxc4 Bxc4 29.
Rxc4 Rxa3 30. Rd6 Rc8 31. f5 Re3 32. e6 fxe6 33. fxe6 Kf8 34. Rf4+ Ke8 35. Kf2 Re5 36. Rd7 Rxe6 37. Rxg7 Re7 38. Rg3 Kd7 39. Rf6 Rce8 40.
Rd3+ Kc7 41. Rdd6 Re2+ 42. Kf3 R8e3+ 43. Kf4 Re4+ 44. Kf3 R4e3+ 45. Kf4 Re4+ 46. Kf3 R2e3+ 47. Kf2 Re2+ 48. Kf3 1/2-1/2

[Event "*** Titled Tuesday Blitz"]
[Site "Chess.com"]
[Date "2020.01.07"]
[Round "4"]
[White "Ray_Yang"]
[Black "1e41-0"]
[Result "1/2-1/2"]
[WhiteElo "2280"]
[BlackElo "2536"]
[TimeControl "180+2"]
[EndTime "13:55:25 PST"]
[Termination "Game drawn - insufficient material"]

1. d4 Nf6 2. a3 g6 3. Nf3 Bg7 4. g3 O-O 5. Bg2 d5 6. O-O Ne4 7. c3 a5 8. Nfd2 Nf6 9. c4 c6 10. Nc3 Bf5 11. cxd5 cxd5 12. Qb3 Nc6 13. e3 Bd3 14. Re1 e6 15. Qxb7 Qe8 16. Qb3 Rb8 17. Qd1 e5 18. dxe5 Nxe5 19. e4 d4 20. Nd5 Nfg4 21. h3 Nxf2 22. Kxf2 f5 23. Kg1 Qf7 24. Nf4 fxe4 25. Nxe4 h6 26. Nxd3 Nxd3 27. Qxd3 Rb3 28.
Qf1 Qc7 29. Qe2 d3 30. Qg4 Qf7 31. Be3 h5 32. Qd1 Rxb2 33. Rf1 Qc4 34. Rxf8+ Bxf8 35. Rc1 Rc2 36. Rxc2 dxc2 37. Qc1 Qd3 38. Kh2 Bxa3 39. Qf1 Qxf1 40. Bxf1 c1=Q 41. Bxc1 Bxc1 42. Nc3 Kg7 43. Na4 Be3 44. Kg2 Bd4 45. Kf3 Kf6 46. Bd3 g5 47. h4 gxh4 48. gxh4 Bg1 49. Ke4 Bf2 50. Be2 Bxh4 51.
Bxh5 Be1 52. Kd5 Kf5 53. Be2 Kf4 54. Kc4 Ke3 55. Bf1 Ke4 56. Kb5 Kd4 57. Bc4 Bb4 58. Ba2 Kd3 59. Nc5+ Kc2 60. Nb3 Kb2 61. Nxa5 Bxa5 1/2-1/2

[Event "*** Titled Tuesday Blitz"]
[Site "Chess.com"]
[Date "2020.01.07"]
[Round "4"]
[White "Caracternin123"]
[Black "MiroVlasenko"]
[Result "0-1"]
[WhiteElo "2520"]
[BlackElo "2696"]
[TimeControl "180+2"]
[EndTime "13:55:27 PST"]
[Termination "MiroVlasenko won by checkmate"]

1. d4 f5 2. e4 fxe4 3. Nc3 Nf6 4.
Bg5 Nc6 5. d5 Ne5 6. Qd4 Nf7 7.
Be3 Nd6 8. Nh3 Nf5 9. Qd2 c6 10. Bc4 Qa5 11. O-O-O d6 12. Ng5 e5 13. dxc6 bxc6 14.
Nf7 d5 15. Nxh8 dxc4 16. g4 Nxg4 17. Bg5 Be6 18. h3 Nf6 19. Bxf6 gxf6 20. Qe2 Bh6+ 21.
Kb1 Rb8 22. Nxe4 c3 23. b3 Ke7 24. Qh5 Rxh8 25. Rhg1 Bd2 26. Rxd2 cxd2 27. Qe2 Rd8 28.
Rd1 Nd4 29. Qh5 Nb5 30. Qxh7+ Bf7 31. Qf5 Nc3+ 32. Kb2 Nxe4 33. Qxe4 Qc5 34. h4 Qxf2 35. h5 Qd4+ 36. Qxd4 Rxd4 37. h6 Rh4 38. Rxd2 Rxh6 39.
Kc3 Rh4 40. b4 Bxa2 41. Rd1 Rh3+ 42. Kb2 Bc4 43. Ra1 a6 44. Ra5 Bb5 45. Ra3 Rxa3 46. Kxa3 Ke6 47. Kb3 Kd5 48. c4+ Bxc4+ 49. Ka4 Bb5+ 50.
Ka5 f5 51. Kb6 f4 52. Ka5 f3 53. Kb6 f2 54. Ka5 f1=Q 55. Kb6 c5 56. Ka5 cxb4 57. Kb6 Qf2+ 58. Ka5 b3 59. Kb4 b2 60. Ka3 Kc6 61. Kb4 b1=Q+ 62. Kc3 Qbb2# 0-1

[Event "*** Titled Tuesday Blitz"]
[Site "Chess.com"]
[Date "2020.01.07"]
[Round "4"]
[White "wonderfultime"]
[Black "GMHess"]
[Result "0-1"]
[WhiteElo "2957"]
[BlackElo "2764"]
[TimeControl "180+2"]
[EndTime "13:55:30 PST"]
[Termination "GMHess won by resignation"]

1. d4 d6 2. e4 Nf6 3. Nc3 c6 4. Nf3 Bg4 5. h3 Bh5 6. Bc4 e6 7. O-O d5 8. exd5 cxd5 9. Bb5+ Nc6 10. g4 Bg6 11. Ne5 Rc8 12. f4 Bb4 13. Ne2 Qb6 14.
Ba4 Bd6 15. c3 O-O 16. Nxg6 hxg6 17. Kg2 Ne4 18. Ng1 g5 19. fxg5 Ne7 20. Nf3 Ng6 21.
Bb3 Bb8 22. Qe1 Bg3 23. Qe2 Bb8 24. Qe1 Qd6 25. Bc2 f5 26. Ne5 fxg4 27. Bxe4 Rxf1 28.
Kxf1 Nxe5 29. dxe5 Rf8+ 30. Kg2 Qxe5 31. Bh7+ Kxh7 32.
Qxe5 gxh3+ 33. Kxh3 Bxe5 34. Kg2 Bf4 35. Bxf4 Rxf4 36. Re1 Re4 37. Rxe4 dxe4 38. c4 Kg6 39. b4 Kxg5 40. c5 Kf5 41. a4 Ke5 42. a5 Kd5 43. a6 bxa6 0-1

[Event "*** Titled Tuesday Blitz"]
[Site "Chess.com"]
[Date "2020.01.07"]
[Round "4"]
[White "allvim"]
[Black "ChessSkool"]
[Result "0-1"]
[WhiteElo "2358"]
[BlackElo "2673"]
[TimeControl "180+2"]
[EndTime "13:55:33 PST"]
[Termination "ChessSkool won by resignation"]

1. e4 c6 2. Nf3 d5 3. Nc3 dxe4 4. Nxe4 Nf6 5. Nxf6+ exf6 6. d4 Bd6 7. Bd3 O-O 8. O-O Nd7 9. h3 Re8 10. Re1 Nf8 11.
c3 Be6 12. Qc2 Qd7 13. Bf1 Ng6 14. Bd2 Bd5 15. Nh2 Nh4 16. Rxe8+ Rxe8 17. Re1 Rxe1 18. Bxe1 Qe6 19. Bd2 f5 20. b3 Be4 21. Qc1 Qg6 22.
Bg5 Nxg2 23. Bxg2 Bxg2 24. Kxg2 h6 25. Nf3 f4 26. h4 hxg5 27. hxg5 Qh5 28. Qd1 Qg4+ 29.
Kf1 Qh3+ 30. Ke2 Be7 31. Qd3 Qe6+ 32. Kf1 g6 33. Qe2 Qh3+ 34. Ke1 Kf8 35. Kd2 Qg2 36. Ke1 Bxg5 37. Qe5 Qxf3 38. Qxg5 Qxc3+ 39. Kf1 Qxd4 40. Qh6+ Kg8 41. Qg5 c5 42. Qe7 f3 43. Kg1 Qg4+ 44.
Kf1 Qh3+ 45. Ke1 Qe6+ 46. Qxe6 fxe6 47. Kd2 Kf7 48. Ke3 Kf6 49. Kxf3 Kf5 50. Ke3 e5 0-1

[Event "*** Titled Tuesday Blitz"]
[Site "Chess.com"]
[Date "2020.01.07"]
[Round "4"]
[White "enzovsky"]
[Black "Naruto-K"]
[Result "0-1"]
[WhiteElo "2247"]
[BlackElo "2496"]
[TimeControl "180+2"]
[EndTime "13:55:38 PST"]
[Termination "Naruto-K won by resignation"]

1. e4 e6 2. d4 d5 3. Nc3 Nf6 4. e5 Nfd7 5. f4 c5 6. Nf3 Nc6 7. Be3 Be7 8. Qd2 O-O 9. dxc5 Qa5 10. O-O-O b6 11. Bb5 Nb4 12. c6 Nxa2+ 13. Nxa2 Qxa2 14. Qc3 Nc5 15. Qa3 Qxa3 16. bxa3 a6 17. Bd3 Na4 18. Kd2 Bxa3 19. c3 b5 20. Bc2 Nb2 21. Ra1 Nc4+ 22.
Ke2 Bb2 23. Bc5 Bxc3 24. Bxf8 Bxa1 25. Bxg7 Kxg7 26. Rxa1 Ra7 27. Nd4 Rc7 28. Rb1 h6 29.
Rb3 f6 30. Rg3+ Kf7 31. Bg6+ Ke7 32. Bh5 fxe5 33. Rg7+ Kd6 34. fxe5+ Nxe5 35. Rg8 Nxc6 36. Nxc6 Rxc6 37. Be8 Rc4 38. g4 b4 39. h4 b3 40. g5 b2 41. Bg6 Rxh4 42. Rxc8 hxg5 43. Rb8 Ke5 44. Kf3 Rh2 45. Rb6 a5 46. Bd3 a4 47.
Be2 a3 48. Rb3 Rh3+ 49. Kg2 Rxb3 0-1

[Event "*** Titled Tuesday Blitz"]
[Site "Chess.com"]
[Date "2020.01.07"]
[Round "4"]
[White "StephenDedalus83"]
[Black "albi1999"]
[Result "1/2-1/2"]
[WhiteElo "2706"]
[BlackElo "2539"]
[TimeControl "180+2"]
[EndTime "13:55:45 PST"]
[Termination "Game drawn by repetition"]

1. g3 d5 2. Bg2 c6 3. d3 Nf6 4. Nd2 e5 5. e4 dxe4 6. dxe4 Bc5 7. Ngf3 Qc7 8. Qe2 O-O 9. Nc4 Re8 10. a4 Bg4 11. h3 Bh5 12. g4 Bg6 13. Nh4 Nbd7 14.
Nf5 Nf8 15. Be3 Ne6 16. O-O Nd7 17. Rad1 Rad8 18. Rd2 f6 19. Rfd1 Bxe3 20. fxe3 Ndc5 21. Ncd6 Rf8 22. Qc4 Bf7 23. Nxf7 Kxf7 24. b4 Rxd2 25. Rxd2 Nxa4 26. Nxg7 Kxg7 27. Qxe6 Nb6 28. Bf1 Qf7 29. Qf5 Qe7 30. c3 Rd8 31. Rg2 Qd7 32. Qh5 h6 33. h4 Qd1 34. Qf5 Nc4 35. g5 Qxf1+ 36. Kxf1 Nxe3+ 37.
Ke2 Nxf5 38. exf5 hxg5 39. hxg5 fxg5 40. Rxg5+ Kf6 41. Rh5 Rg8 42. Kf3 Rg1 43. Rh7 Kxf5 44. Rxb7 Rc1 45. Rxa7 Rxc3+ 46. Ke2 Ke4 47. Rh7 Rb3 48.
Rh4+ Kd5 49. Kd2 e4 50. Rh5+ Kd4 51. Rc5 Rxb4 52. Rxc6 e3+ 53. Ke1 Rb1+ 54. Ke2 Rb2+ 55. Ke1 Kd3 56. Rd6+ Ke4 57. Rd8 Rb1+ 58. Ke2 Rb2+ 59.
Ke1 Rb1+ 60. Ke2 Rb2+ 61. Ke1 1/2-1/2

[Event "*** Titled Tuesday Blitz"]
[Site "Chess.com"]
[Date "2020.01.07"]
[Round "4"]
[White "chessdude"]
[Black "wannabe2700"]
[Result "0-1"]
[WhiteElo "2543"]
[BlackElo "2768"]
[TimeControl "180+2"]
[EndTime "13:55:46 PST"]
[Termination "wannabe2700 won by resignation"]

1. d4 Nf6 2. c4 e6 3. g3 d5 4. Bg2 Be7 5. Nf3 O-O 6. O-O dxc4 7.
Qc2 b5 8. a4 b4 9. Nfd2 c6 10.
Nxc4 Qxd4 11. Be3 Qd8 12. Nbd2 Nd5 13. Nb3 Ba6 14. Bc5 Nd7 15. Bxe7 Qxe7 16. Rfd1 Rac8 17.
Rac1 c5 18. Nba5 N7b6 19. e4 Nxc4 20. Nxc4 Nb6 21. Nd6 Rc7 22. e5 Rb8 23. a5 Nd5 24.
Bxd5 exd5 25. Rxd5 c4 26. Qe4 Qe6 27. Rd4 Rc5 28. f4 f6 29. Re1 fxe5 30. fxe5 g6 31.
Qf4 Rf8 32. Qe3 Rxa5 33. Rf4 Rxf4 34. Qxf4 Rd5 35. Ne4 Rd8 36. Nf6+ Kh8 37. Qh4 Qe7 38. Qf4 Qc5+ 39. Kg2 Bb7+ 40. Kh3 Bc8+ 41. e6 Kg7 42. Kg2 Qc6+ 43. Kg1 Qb6+ 44. Re3 Bxe6 45. Qe5 Kf7 46. Ne4 Qxe3+ 47. Kg2 Rd2+ 48. Kf1 Qe2+ 0-1

[Event "*** Titled Tuesday Blitz"]
[Site "Chess.com"]
[Date "2020.01.07"]
[Round "4"]
[White "Atakishiyev04"]
[Black "Indianlad"]
[Result "1-0"]
[WhiteElo "2739"]
[BlackElo "2920"]
[TimeControl "180+2"]
[EndTime "13:55:47 PST"]
[Termination "Atakishiyev04 won on time"]

1. d4 Nf6 2. c4 e6 3. Nf3 d5 4. Nc3 c6 5. e3 Nbd7 6. Qc2 b6 7. g4 Nxg4 8. e4 dxe4 9. Qxe4 Ngf6 10. Qxc6 Rb8 11.
Qb5 Bb7 12. Be2 Be7 13. Rg1 g6 14. Bh6 a6 15. Qb3 Bf8 16. Bf4 Rc8 17. O-O-O Nh5 18. Bg5 Be7 19. Bh6 Qc7 20. Kb1 Nf4 21. Rc1 Nxe2 22. Nxe2 Bf8 23. Bf4 Bd6 24. Bh6 Qd8 25. Rge1 Qf6 26. d5 Nc5 27. Qe3 Qf5+ 28. Ka1 Qe4 29. Nc3 Qxe3 30. Rxe3 Kd7 31. b4 exd5 32. bxc5 Rxc5 33. cxd5 Rhc8 34. Rd3 b5 35. a3 a5 36.
Be3 Rc4 37. Kb2 Ba6 38. Rd4 b4 39. axb4 axb4 40. Ne4 Rxc1 41. Bxc1 b3 42. Nxd6 Rc2+ 43.
Kb1 Kxd6 44. Ba3+ Kc7 45. d6+ Kd8 46. d7 Re2 47. Bb4 1-0

[Event "*** Titled Tuesday Blitz"]
[Site "Chess.com"]
[Date "2020.01.07"]
[Round "4"]
[White "Simon2049"]
[Black "iLuusions"]
[Result "0-1"]
[WhiteElo "2140"]
[BlackElo "2465"]
[TimeControl "180+2"]
[EndTime "13:55:49 PST"]
[Termination "iLuusions won by checkmate"]

1. e4 c5 2. Nf3 e6 3. Nc3 a6 4. d4 cxd4 5. Nxd4 b5 6. Bd3 Ne7 7. O-O Nbc6 8. Nb3 Ng6 9. f4 d6 10. Qf3 Bb7 11. Qh3 Qd7 12. Be3 Be7 13. Rae1 O-O 14. g4 Nb4 15. a3 Nxd3 16. cxd3 a5 17. Kh1 b4 18. axb4 axb4 19. Ne2 d5 20. Ng3 dxe4 21.
dxe4 Rfc8 22. Nd4 e5 23. fxe5 Nxe5 24. Ndf5 Bf8 25. Rd1 Qe6 26. g5 Rc2 27. Bd4 Ng6 28.
Qg4 Re8 29. Rde1 Qc4 30. b3 Qd3 31. Qf3 Rd2 32. Re3 Qc2 33. Nh6+ Kh8 34. Nxf7+ Kg8 35. Nh6+ Kh8 36. Nf7+ Kg8 37. Nh6+ Kh8 38. Ng4 Rxd4 39. Re2 Qd3 40. Qf7 Rdd8 41. Re3 Qd7 42. Qf3 Qe6 43. Nf5 Bc5 44. Rd3 Rxd3 45. Qxd3 Bxe4+ 46. Qxe4 Qxe4+ 47. Rf3 Qxf3# 0-1

[Event "*** Titled Tuesday Blitz"]
[Site "Chess.com"]
[Date "2020.01.07"]
[Round "4"]
[White "goldenspine"]
[Black "Kimster98"]
[Result "0-1"]
[WhiteElo "2346"]
[BlackElo "2603"]
[TimeControl "180+2"]
[EndTime "13:55:50 PST"]
[Termination "Kimster98 won by resignation"]

1. d4 Nf6 2. Nf3 b6 3. c4 e6 4. g3 Bb7 5. Bg2 Bb4+ 6. Bd2 a5 7. O-O O-O 8. a3 Bxd2 9. Qxd2 d6 10. Nc3 Ne4 11.
Qc2 Nxc3 12. Qxc3 Be4 13. Rac1 Nd7 14. Rfd1 Qe7 15. Bf1 Nf6 16. Nd2 Bb7 17. Qc2 c5 18.
e3 Rac8 19. Qb3 Qc7 20. Bg2 Bxg2 21. Kxg2 Qc6+ 22. Kg1 a4 23. Qd3 cxd4 24. exd4 d5 25. Rc3 dxc4 26. Rxc4 Qb5 27. Rdc1 Rxc4 28. Qxc4 Qxb2 29. Qc3 Qxc3 30. Rxc3 Nd5 31. Rc4 b5 32. Rc5 Rb8 33. Ne4 g6 34. Nd6 b4 35. axb4 Rxb4 36. Ne8 Rb8 37. Nd6 Ra8 38. Rc1 a3 39. Ra1 Nb4 40.
Nb5 a2 41. Nc3 Ra3 42. Nb5 Ra5 43. Nc3 Ra3 44. Nxa2 Rxa2 45. Rb1 Nd5 46. h4 h5 47.
Rd1 Kg7 48. Kf1 Kf6 49. Rd3 Ke7 50. Kg2 Ra4 51. Kf3 Rb4 52. Rd1 Rc4 53. Rd3 Rc3 54.
Ke4 Nf6+ 0-1

[Event "*** Titled Tuesday Blitz"]
[Site "Chess.com"]
[Date "2020.01.07"]
[Round "4"]
[White "Megagigahiper3345"]
[Black "DonPreuss"]
[Result "1/2-1/2"]
[WhiteElo "2446"]
[BlackElo "2152"]
[TimeControl "180+2"]
[EndTime "13:55:53 PST"]
[Termination "Game drawn by repetition"]

1. d4 Nc6 2. d5 Ne5 3. e4 Ng6 4. h4 e5 5. h5 N6e7 6. c4 f5 7. exf5 Nxf5 8. g4 Nd4 9. Nf3 Nxf3+ 10. Qxf3 Bb4+ 11. Bd2 Bxd2+ 12. Nxd2 Qf6 13. Qxf6 Nxf6 14. g5 Ng4 15. d6 O-O 16. c5 Nxf2 17. Bc4+ Kh8 18.
O-O Nh3+ 19. Kh2 Rxf1 20. Rxf1 Nf4 21. Nf3 cxd6 22. cxd6 b5 23. Nxe5 bxc4 24. Rxf4 Ba6 25. Nxd7 Kg8 26. h6 gxh6 27. gxh6 Rd8 28. Nf6+ Kf7 29.
d7 Kg6 30. a4 Bb7 31. Kg3 Bc6 32. Rxc4 Bxd7 33. Nxd7 Rxd7 34. Rc6+ Kg5 35. Kf2 Rb7 36. b3 a5 37. Rc5+ Kxh6 38. Rb5 Ra7 39. Ke3 Kg6 40. Kf4 Rf7+ 41. Kg4 Ra7 42. Rb6+ Kg7 43. Kh5 Re7 44. Rb5 Ra7 45. Kg5 Kg8 46. Rb8+ Kg7 47. Rb5 Kg8 48. Kf6 Ra6+ 49. Kg5 Ra7 1/2-1/2

[Event "*** Titled Tuesday Blitz"]
[Site "Chess.com"]
[Date "2020.01.07"]
[Round "4"]
[White "FredyMatsuura"]
[Black "r31415"]
[Result "1-0"]
[WhiteElo "2245"]
[BlackElo "2467"]
[TimeControl "180+2"]
[EndTime "13:55:56 PST"]
[Termination "FredyMatsuura won by resignation"]

1. d4 d6 2. e4 Nf6 3. Nc3 g6 4. Nf3 Bg7 5. h3 O-O 6. Be3 c6 7. a4 Qc7 8. Bc4 Nxe4 9. Nxe4 d5 10. Bd3 dxe4 11. Bxe4 Nd7 12. Qd2 Rd8 13. O-O Nc5 14. Bd3 Nxd3 15. Qxd3 Bf5 16. Qc4 Be6 17. Qe2 Qa5 18. Rfe1 Qb4 19. c3 Qc4 20. Qxc4 Bxc4 21. Ne5 Be6 22. f4 h5 23. Kf2 h4 24. Kg1 Rd5 25.
Bf2 Bxe5 26. dxe5 Rd2 27. Bxh4 Bd5 28. Bf2 Rxb2 29. Reb1 Rxb1+ 30. Rxb1 b6 31. g3 Kf8 32. Be3 Ke8 33. Kf2 Kd7 34. h4 Kc7 35. g4 Kb7 36. a5 b5 37. Bc5 Re8 38. f5 gxf5 39. gxf5 Be4 40. Rd1 Bxf5 41. Kg3 a6 42. Kf4 Be6 43. h5 Kc7 44. h6 Bd5 45. Rd2 e6 46. Rh2 Rh8 47.
Kg5 Rh7 48. Bf8 Be4 49. Kf6 Bg6 50. Ke7 f6+ 51. Kxf6 Bf5 52. Bg7 c5 53. Rd2 b4 54.
cxb4 cxb4 55. Rb2 Kc6 56. Rxb4 Kd5 57. Rb6 1-0

[Event "*** Titled Tuesday Blitz"]
[Site "Chess.com"]
[Date "2020.01.07"]
[Round "4"]
[White "DucksParadise"]
[Black "narutosmith"]
[Result "1-0"]
[WhiteElo "2042"]
[BlackElo "2241"]
[TimeControl "180+2"]
[EndTime "13:55:56 PST"]
[Termination "DucksParadise won by resignation"]

1. d4 Nf6 2. c4 e6 3. g3 Bb4+ 4. Bd2 a5 5. Bg2 O-O 6. Nf3 d6 7. O-O Qe7 8. Bg5 a4 9. a3 Ba5 10. Qxa4 Ra6 11. b4 Bb6 12. Qc2 e5 13. dxe5 dxe5 14.
c5 Ba7 15. Nc3 c6 16. Ne4 Nbd7 17. Rfd1 h6 18. Rxd7 Bxd7 19. Nxf6+ gxf6 20. Bxh6 Rd8 21. Nh4 f5 22. Nxf5 Qf6 23. Rd1 Bxf5 24. Rxd8+ Kh7 25.
Be4 Kxh6 26. Rd6 Be6 27. Qd2+ Qg5 28. e3 Rxa3 29. f4 exf4 30. exf4 Qf6 31. f5+ Kg7 32.
fxe6 Qa1+ 33. Kg2 Ra2 34. Bc2 Qe5 35. exf7 Bb8 36. Qd3 Rxc2+ 37. Qxc2 Bxd6 38. cxd6 Qxd6 39. Qc4 Kf8 40. h4 b5 41. Qf4 Qd5+ 42. Kh3 Qe6+ 43.
Kg2 Qd5+ 44. Kf2 Qa2+ 45. Kf3 Qd5+ 46. Kg4 Qe6+ 47. Kg5 Qxf7 48. Qxf7+ Kxf7 49. Kf5 c5 50. bxc5 b4 51. Ke4 1-0

[Event "*** Titled Tuesday Blitz"]
[Site "Chess.com"]
[Date "2020.01.07"]
[Round "4"]
[White "ristingho"]
[Black "Moon_stone123"]
[Result "1-0"]
[WhiteElo "2520"]
[BlackElo "2101"]
[TimeControl "180+2"]
[EndTime "13:55:57 PST"]
[Termination "ristingho won by resignation"]

1. d4 Nf6 2. c4 g6 3. Nc3 Bg7 4.
e4 d6 5. h3 O-O 6. Be3 e5 7.
d5 Na6 8. g4 Nc5 9. f3 a5 10.
Qd2 Nfd7 11. Nge2 Kh8 12. Ng3 Qh4 13. Kf2 h6 14. Kg2 Nb6 15. Be2 f5 16. exf5 gxf5 17.
gxf5 Bxf5 18. b3 Rae8 19. Bf2 Qf4 20. Be3 Qh4 21. Raf1 Nbd7 22. Nb5 e4 23. f4 Qd8 24. Kh2 Bh7 25. Rhg1 Rg8 26. Nh5 Qe7 27. Nxc7 Ref8 28.
Nxg7 Rxg7 29. Rxg7 Qxg7 30. Rg1 Qe7 31. Bd4+ Nf6 32.
Nb5 e3 33. Qc3 Ne4 34. Qxe3 Rg8 35. Rxg8+ Kxg8 36. Bf3 Kf7 37. Nc3 Nxc3 38. Qxe7+ Kxe7 39. Bxc3 Ne4 40. Bxa5 Nc5 41. Bd1 Bb1 42. a3 Ba2 43.
Bb4 Nxb3 44. Bxb3 Bxb3 45. c5 dxc5 46. Bxc5+ Kd7 47. d6 Ke6 48. Kg3 Ba4 49. Kg4 Kf6 50. Kh5 Kg7 51. Bd4+ Kh7 52. f5 Be8+ 53. Kg4 Kg8 54. Kf4 Kf8 55. Ke5 Kf7 56. Be3 Bd7 57. Bxh6 Bc6 58. h4 Ke8 59. Kf6 Kd7 60. Bf4 Bf3 61.
Kg6 Ke8 62. h5 Kf8 63. h6 Bc6 64. h7 1-0

[Event "*** Titled Tuesday Blitz"]
[Site "Chess.com"]
[Date "2020.01.07"]
[Round "4"]
[White "Rhinos1"]
[Black "Glufs"]
[Result "0-1"]
[WhiteElo "2127"]
[BlackElo "2362"]
[TimeControl "180+2"]
[EndTime "13:56:03 PST"]
[Termination "Glufs won by resignation"]

1. e4 c6 2. d3 d5 3. Nd2 e5 4.
g3 Bd6 5. Bg2 Nf6 6. Ngf3 O-O 7.
O-O Re8 8. c3 Nbd7 9. Qc2 a5 10.
a4 Qc7 11. Re1 b6 12. Nf1 dxe4 13. dxe4 Nc5 14. N3d2 Ba6 15. c4 Ne6 16. Nf3 Bc5 17. Be3 Rad8 18. Rad1 h6 19. Nh4 Nd4 20. Bxd4 Bxd4 21.
Ne3 Bb7 22. Nhf5 c5 23. Nxd4 cxd4 24. Nf5 Nd7 25. Qe2 Nf6 26. b3 Bc8 27. Qf3 Bxf5 28. Qxf5 Qd7 29. Bh3 Qe7 30. Rd3 Nd7 31. f4 Nc5 32. Rf3 exf4 33. gxf4 d3 34. e5 g6 35.
Qg4 Nxb3 36. f5 Qg5 37. fxg6 Qxg4+ 38. Bxg4 fxg6 39. Rf6 Kg7 40. Rxb6 Nd4 41. Rb7+ Kh8 42. e6 d2 43. Rf1 Nxe6 44. Rff7 Ng5 45. Bd1 Nxf7 46. Rxf7 Re1+ 47. Kf2 Rxd1 48. h4 Rf1+ 49. Ke2 d1=Q+ 0-1

[Event "*** Titled Tuesday Blitz"]
[Site "Chess.com"]
[Date "2020.01.07"]
[Round "4"]
[White "Vuk2000"]
[Black "kingofthenil"]
[Result "1-0"]
[WhiteElo "2675"]
[BlackElo "2487"]
[TimeControl "180+2"]
[EndTime "13:56:04 PST"]
[Termination "Vuk2000 won on time"]

1. d4 Nf6 2. Bg5 d5 3. Bxf6 gxf6 4. c4 dxc4 5. e3 c5 6. Bxc4 cxd4 7. exd4 Bg7 8. Nc3 f5 9. Nge2 Nc6 10. Bb5 O-O 11. d5 Ne5 12. O-O a6 13. Ba4 b5 14. Bb3 Bb7 15. Nf4 Qd6 16. Qh5 Ng6 17. Nh3 b4 18.
Ne2 Qf6 19. Ng3 f4 20. Nf5 Rfd8 21. Rfe1 Bxd5 22. Bxd5 Rxd5 23. Nh6+ Bxh6 24. Qxd5 Rc8 25. Re2 e6 26. Qb7 Rd8 27. f3 Bg7 28. Qxa6 Qd4+ 29.
Nf2 Nh4 30. Kf1 Nf5 31. Rc1 Ne3+ 32. Kg1 Bf8 33. Qb5 Rd5 34. Qb8 Rg5 35. Ne4 Rg6 36. Kh1 Nd5 37. Qb5 b3 38. axb3 Ne3 39. Rd2 Qg7 40. Rg1 f5 41. Nd6 Rh6 42. h3 Rg6 43. Nc4 Nd5 44. Qc6 Qf7 45. Ne5 Ne7 46. Qc3 Qg7 47. Nxg6 Qxg6 48. Re2 Nd5 49. Qe5 Ne3 50.
Rxe3 fxe3 51. Qxe3 1-0

[Event "*** Titled Tuesday Blitz"]
[Site "Chess.com"]
[Date "2020.01.07"]
[Round "4"]
[White "korbul"]
[Black "karwowskikacper"]
[Result "0-1"]
[WhiteElo "2605"]
[BlackElo "2428"]
[TimeControl "180+2"]
[EndTime "13:56:08 PST"]
[Termination "karwowskikacper won by resignation"]

1. d4 Nf6 2. Nf3 e6 3. c4 b6 4.
g3 Bb7 5. Bg2 Be7 6. O-O O-O 7.
Nc3 Ne4 8. Bd2 Bf6 9. Rc1 Nxc3 10. Bxc3 Be4 11. d5 exd5 12. cxd5 c5 13. Nd2 Bxg2 14. Kxg2 d6 15. Ne4 Bxc3 16. Rxc3 f5 17. Nd2 Nd7 18.
a4 Nf6 19. Nc4 Qd7 20. b3 Rad8 21. Re3 Qb7 22. Rd3 a6 23. f3 b5 24. axb5 a5 25. b6 Rfe8 26. Qd2 f4 27. gxf4 Nh5 28. e3 Qf7 29. Kh1 Qf6 30. Rg1 Kh8 31. Qc3 Qh6 32. Nxa5 Nxf4 33. exf4 Re2 34. Rg2 Rde8 35. b7 Re1+ 36.
Rg1 R1e2 37. Qxg7+ Qxg7 38. Rxg7 Kxg7 39. Nc6 Rb2 40.
Rd1 Rxb3 41. b8=Q Rbxb8 42. Nxb8 Rxb8 43. Kg2 Rb4 44. Kg3 Kf6 45. Kg4 Rd4 46. Rxd4 cxd4 47.
Kg3 Kf5 48. Kf2 Kxf4 49. Ke2 h5 50. Kd3 h4 51. Kxd4 Kxf3 52. h3 Kg2 53. Ke3 Kxh3 54.
Kf3 Kh2 55. Kf2 h3 56. Kf1 Kg3 57. Kg1 Kf4 58. Kh2 Ke5 59. Kxh3 Kxd5 60. Kg3 Kc4 61. Kf3 d5 62. Ke3 Kc3 63. Ke2 d4 64. Kd1 Kd3 65.
Ke1 Kc2 0-1

[Event "*** Titled Tuesday Blitz"]
[Site "Chess.com"]
[Date "2020.01.07"]
[Round "4"]
[White "esteban062000"]
[Black "shanemelaughcm"]
[Result "0-1"]
[WhiteElo "2049"]
[BlackElo "2282"]
[TimeControl "180+2"]
[EndTime "13:56:13 PST"]
[Termination "shanemelaughcm won by resignation"]

1. Nf3 d6 2. c4 e5 3. d3 f5 4. g3 Nf6 5. Bg2 Nc6 6. a3 Be7 7. b4 O-O 8. Qb3 Qe8 9. O-O Qh5 10. c5+ Kh8 11. cxd6 cxd6 12. Nbd2 Ng4 13. h3 Nf6 14.
Bb2 f4 15. h4 Qg4 16. Nh2 Qxe2 17. Ndf3 fxg3 18. Rae1 gxh2+ 19. Kh1 Qxe1 20. Rxe1 Ng4 21. Ng5 Bxg5 22. hxg5 Rxf2 23. Rf1 Rxf1+ 24. Bxf1 Bf5 25. Qf7 Bg6 26. Qxb7 Rf8 27. Bg2 Nd8 28. Qe7 Re8 29.
Qxd6 Nf7 30. Qd7 Nf2+ 31. Kxh2 Rd8 32. Qxa7 Nxd3 33. Ba1 Nf4 34. Qe7 h6 35. Bxe5 Nd3 36.
Bc3 hxg5 37. Bf1 Nf4 38. Bc4 Nd5 39. Bxd5 Rxd5 40. Qe8+ Kh7 41. Qe6 Rd3 42. Bb2 Rd2+ 43. Kg3 Rxb2 44. Qh3+ Kg8 45. Qc8+ Kh7 46. Qh3+ Nh6 47.
Qe6 Bf7 48. Qe4+ Bg6 49. Qd4 Rb3+ 50. Kf2 Rxa3 51. b5 Rb3 52. b6 g4 53. Qc5 g3+ 54. Kg1 Be4 55. Qc1 Rxb6 56. Kf1 Rb1 57. Kg1 0-1

[Event "*** Titled Tuesday Blitz"]
[Site "Chess.com"]
[Date "2020.01.07"]
[Round "4"]
[White "chessdjw"]
[Black "FedaMaster"]
[Result "0-1"]
[WhiteElo "2647"]
[BlackElo "2469"]
[TimeControl "180+2"]
[EndTime "13:56:19 PST"]
[Termination "FedaMaster won by checkmate"]

1. d4 Nf6 2. Nf3 g6 3. g3 Bg7 4. Bg2 O-O 5. O-O d5 6. Nbd2 Bf5 7. b3 a5 8. Bb2 a4 9. c4 c6 10. e3 Qa5 11. Qc1 b5 12. b4 Qa6 13. c5 Ne4 14. a3 Nxd2 15. Nxd2 Nd7 16. e4 dxe4 17. Nxe4 Bxe4 18.
Bxe4 Nf6 19. Bg2 Rad8 20. Re1 e6 21. Qc2 Rd7 22. h4 Rfd8 23. Rad1 Nd5 24. h5 Ne7 25. Qe4 Qc8 26. Qf4 e5 27. Rxe5 Bxe5 28. Qxe5 Nd5 29. h6 f6 30. Bxd5+ Rxd5 31. Qxf6 Qd7 32. Re1 Rf8 33. Qe6+ Qf7 34. Kg2 Rf5 35. f4 g5 36.
Bc1 gxf4 37. Bxf4 Qxe6 38. Rxe6 R8f6 39. Re7 Rd5 40. Re4 Kf7 41. g4 Re6 42. Rxe6 Kxe6 43.
Be5 Rd7 44. Kg3 Rf7 45. Kh4 Rf1 46. g5 Kf5 47. Bf6 Rf4+ 48. Kg3 Rf1 49. Kg2 Ra1 50. d5 Ra2+ 51. Kg3 cxd5 52. c6 Rc2 53. Kf3 Rxc6 54. Ke3 Rc4 55. Kd3 Re4 56. Bd8 Rg4 57. Ke3 d4+ 58. Kd3 Ke5 59. Bf6+ Kd5 60. Ke2 Ke4 61. Kf2 d3 62. Ke1 Ke3 63. Kd1 Rg1# 0-1